 Dungeon Crawl Stone Soup version bcrawl-1.19.2-6-g6a88ae04c9 (webtiles) character file.

Game seed: 11448463792273213688

44 Ephraim the Digger (level 3, 0/20 HPs)
             Began as a Gargoyle Earth Elementalist on Dec 30, 2019.
             Slain by a jackal (1 damage)
             ... on level 4 of the Dungeon.
             The game lasted 00:16:03 (2317 turns).

Ephraim the Digger (Gargoyle Earth Elementalist)    Turns: 2317, Time: 00:16:03

Health: 0/20       AC:  5    Str: 11    XL:     3   Next: 62%
Magic:  6/6        EV: 12    Int: 16    God:
Gold:   78         SH:  0    Dex: 10    Spells: 0/6 levels left

rFire    . . .     SeeInvis .   a - +0 club
rCold    . . .     Gourm    .   (no shield)
rNeg     + . .     Faith    .   k - +0 robe
rPois    ∞         Spirit   .   (no helmet)
rElec    +         Reflect  .   (no cloak)
rCorr    .         Harm     .   (no gloves)
MR       .....                  (no boots)
Stlth    ++........             i - amulet of magic regeneration
HPRegen  0.06/turn              (no ring)
MPRegen  0.35/turn              (no ring)

@: no status effects
A: negative energy resistance 1, electricity resistance, unbreathing,
petrification resistance, rot immunity, AC +3
a: no special abilities


You were on level 4 of the Dungeon.
You were not hungry.

You visited 1 branch of the dungeon, and saw 4 of its levels.

You collected 177 gold pieces.
You spent 99 gold pieces at shops.

Inventory:

Hand Weapons
 a - a +0 club (weapon)
 m - a +0 whip
Missiles
 b - 731 stones (quivered)
 j - 156 arrows
Armour
 c - a +0 robe
 e - a +0 ring mail
 g - a +0 chain mail
 k - a +0 robe (worn)
Jewellery
 i - an amulet of magic regeneration (around neck)
Scrolls
 f - a scroll of teleportation {unknown}
 l - a scroll of fear {unknown}
 n - a scroll of amnesia {unknown}
 q - a scroll of remove curse
Potions
 h - 2 potions of haste {unknown}
 o - a potion of resistance {unknown}
 p - a potion of berserk rage {unknown}
 r - 3 potions of curing
Comestibles
 d - a ration {!d}


   Skills:
 * Level 1.1 Fighting
 - Level 1.9 Dodging
 - Level 2.6 Stealth
 - Level 0.2 Unarmed Combat
 + Level 2.3 Spellcasting
 + Level 0.7 Transmutations
 + Level 4.4 Earth Magic


You couldn't memorise any spells.
You knew the following spells:

 Your Spells              Type           Power        Failure   Level  Hunger
a - Sandblast             Erth           ###...       3%          1    #......
b - Passwall              Tmut/Erth      ##......     11%         2    ###....
c - Stone Arrow           Conj/Erth      #.....       24%         3    ###....

Your spell library contained the following spells:

 Spells                   Type           Power        Failure   Level  Hunger
 Petrify                  Tmut/Erth      ##......     56%         4    #####..
 Lee's Rapid Deconstruct  Erth           ###.......   67%         5    ######.


Dungeon Overview and Level Annotations

Branches:
Dungeon (3/12)

Altars:
Ashenzari
The Shining One

Shops:
D:4 !


Innate Abilities, Weirdness & Mutations

You are resistant to torment.
Your stone body is resilient. (AC +3)
You are immune to poison.
You resist negative energy. (rN+)
You are resistant to electric shocks. (rElec)
You can survive without breathing.
You are immune to petrification.
You are immune to rotting.


Message History

You hit the jackal.
The jackal is severely wounded.
You hear a shout!
The jackal barely misses you.
The jackal bites you but does no damage. x2
The jackal barely misses you.
A sky beast comes into view.
You barely miss the jackal.
The jackal is severely wounded.
The jackal closely misses you. x2; The jackal bites you.
* * * LOW HITPOINT WARNING * * *
The jackal bites you but does no damage.
The jackal closely misses you. The jackal misses you.
The jackal bites you but does no damage. x2
The jackal bites you.
* * * LOW HITPOINT WARNING * * *
The jackal misses you.
The jackal bites you but does no damage.
The jackal bites you.
You die...

.... <.......#....#
........#...Y## ##.
#....... ....# ....
#.....# ...# .
......###....# ...##..
............##.......
#......#.h..h@h...###
.##.........#.hhh......
........).#h##hh.#.....
......###..o####.# ...#
.......##.∩.####... ..#
......o.o..o...........
...##.h####......#.....
#...h##...#####..#
#.ooo.....# ..#


You could see a sky beast and 8 jackals.

Vanquished Creatures
  A worm (D:1)
  A dart slug (D:1)
  4 leopard geckos
  A giant cockroach (D:2)
  A goblin (D:1)
  4 hobgoblins
  5 jackals
  5 kobolds
  5 bats
  3 frilled lizards
  4 rats
34 creatures vanquished.

Vanquished Creatures (others)
  2 jackals (D:1)
2 creatures vanquished.

Grand Total: 36 creatures vanquished

Notes
Turn   | Place    | Note
-------+----------+-------------------------------------------
     0 | D:1      | Ephraim the Gargoyle Earth Elementalist began the quest for
                  | the Orb.
     0 | D:1      | Reached XP level 1. HP: 10/10 MP: 3/3
   168 | D:1      | Reached XP level 2. HP: 9/15 MP: 1/5
   210 | D:1      | Reached skill level 4 in Earth Magic
  1020 | D:1      | Learned a level 2 spell: Passwall
  1274 | D:2      | Reached XP level 3. HP: 19/19 MP: 4/6
  1352 | D:2      | Found a faded altar of an unknown god.
  1443 | D:2      | Found a glowing golden altar of the Shining One.
  1553 | D:2      | Reached skill level 1 in Fighting
  1725 | D:2      | Learned a level 3 spell: Stone Arrow
  1980 | D:2      | Found a shattered altar of Ashenzari.
  2296 | D:3      | You fall into a shaft and drop 1 floor!
  2301 | D:4      | Found Sitihaim's Distillery.
  2305 | D:4      | Bought a potion of curing for 33 gold pieces
  2305 | D:4      | Bought 2 potions of curing for 66 gold pieces
  2315 | D:4      | Noticed a sky beast
  2316 | D:4      | HP: 1/20 [jackal (1)]
  2317 | D:4      | Slain by a jackal

Skill      XL: |  1  2  3 |
---------------+----------+-----
Earth Magic    | 4 |  4.4
Fighting       | 1 |  1.1
Dodging        | |  1.9
Stealth        | |  2.6
Unarmed Combat | |  0.2
Spellcasting   | |  2.3
Transmutations | |  0.7

Action                   || total
-------------------------++-------
Melee: Unarmed           ||    29
       Club              ||    54
 Cast: Sandblast         ||    29
       Passwall          ||     5
  Use: Scroll            ||     3
 Stab: Sleeping          ||     1
  Eat: Ration            ||     2
Armor: Robe              ||    71
Dodge: Dodged            ||   138
